 Dungeon Crawl Stone Soup version 0.30.0-18-gc0e69614cb (webtiles) character file.

Game seed: 7225213200283221676

963 Cheops the Sneak (level 7, -3/53 HPs)
             Began as an Armataur Earth Elementalist on May 24, 2023.
             Was a Follower of Uskayaw.
             Slain by Duvessa
             ... wielding a +2 short sword of protection
              (15 damage)
             ... on level 5 of the Dungeon.
             The game lasted 00:19:11 (5992 turns).

Cheops the Sneak (Armataur Earth Elementalist)      Turns: 5992, Time: 00:19:11

Health: -3/53      AC:  7    Str: 13    XL:     7   Next: 92%
Magic:  8/9        EV:  9    Int: 18    God:    Uskayaw [*.....]
Gold:   191        SH:  5    Dex: 10    Spells: 3/9 levels left

rFire   . . .        b - +2 short sword (elec)
rCold   + . .        (no shield)
rNeg    . . .        y - +2 robe {rC+}
rPois   .            l - +1 hat
rElec   .            (no cloak)
rCorr   .            (no gloves)
SInv    .            (no barding)
Will    .....        i - amulet of reflection
Stlth   +++          (no ring)
HPRegen 0.28/turn    (no ring)
MPRegen 0.11/turn

%: reflection, roll
@: no status effects
A: large, rugged brown scales 3, deformed body, armoured tail, roll, long
tongue, awkward tongue
a: Renounce Religion, Stomp


You were on level 5 of the Dungeon.
You worshipped Uskayaw.
Uskayaw was noncommittal.
You visited 2 branches of the dungeon, and saw 6 of its levels.

You collected 191 gold pieces.

Inventory:

Hand Weapons
 a - a +0 dagger
 b - a +2 short sword of electrocution (weapon)
Missiles
 e - a throwing net
Armour
 l - a +1 hat (worn)
 q - a +0 robe
 y - a +2 robe of cold resistance (worn)
Magical Staves
 n - a staff of death
Jewellery
 i - an amulet of reflection (around neck)
 o - a ring of ice
 s - an amulet of guardian spirit
 z - a +6 ring of intelligence
Wands
 k - a wand of digging (5)
 t - a wand of mindburst (31)
Scrolls
 c - a scroll of fear
 f - 3 scrolls of butterflies {unknown}
 g - 2 scrolls of identify {unknown}
 j - 3 scrolls of poison {unknown}
 p - a scroll of blinking {unknown}
 r - a scroll of fog {unknown}
Potions
 d - 3 potions of curing {unknown}
 h - 3 potions of lignification {unknown}
 m - a potion of brilliance {unknown}
 u - a potion of haste {unknown}
 v - a potion of flight {unknown}
 w - 2 potions of magic
 x - a potion of cancellation {unknown}


   Skills:
 - Level 1.3 Dodging
 + Level 6.6 Stealth
 - Level 1.7 Spellcasting
 * Level 4.9 Conjurations
 - Level 1.5 Transmutations
 - Level 5.0 Earth Magic


You had 3 spell levels left.
You knew the following spells:

 Your Spells              Type           Power      Damage    Failure   Level
a - Sandblast             Erth           38%        2d10      2%          1
b - Stone Arrow           Conj/Erth      38%        3d9       7%          3
P - Passwall              Tmut/Erth      10%        N/A       8%          2

Your spell library contained the following spells:

 Spells                   Type           Power      Damage    Failure   Level
 Freeze                   Ice            4%         1d3       19%         1
 Hailstorm                Conj/Ice       10%        3d5       21%         3
 Ensorcelled Hibernation  Hex/Ice        2%         N/A       28%         2
 Spider Form              Tmut/Pois      4%         N/A       38%         3
 Frozen Ramparts          Ice            2%         1d1       50%         3
 Petrify                  Tmut/Erth      13%        N/A       43%         4
 Anguish                  Hex/Necr       0%         N/A       88%         4


Dungeon Overview and Level Annotations

Branches:
Dungeon (5/15)             Temple (1/1) D:4

Altars:
Ashenzari
Cheibriados
Dithmenos
Elyvilon
Fedhas
Gozag
Hepliaklqana
Kikubaaqudgha
Makhleb
Nemelex Xobeh
Okawaru
Qazlal
Ru
Sif Muna
Trog
Uskayaw
Vehumet
Wu Jian
Xom
Yredelemnul
Zin
The Shining One

Shops:
D:4 =

Annotations:
D:5 Duvessa


Innate Abilities, Weirdness & Mutations

You are completely covered in rugged brown scales. (AC +3, +7% HP)
Armour fits poorly on your strangely shaped body.
You have a long armoured tail.
You roll when moving toward enemies. (Rampage)
Your long tongue fully drains potion bottles. (2x potion effects)
Your tongue gives you trouble enunciating. (1.5x scroll delay)


Message History

Press: ? - help, Shift-Dir - straight line, f/p - iguana
Aim: an iguana (almost dead, 84% to hit)
The blast of sand hits the iguana but does no damage.
The iguana is almost dead.
The iguana barely misses you.
Casting: Sandblast (safe; 2% risk of failure)
Confirm with . or Enter, or press ? or * to list all spells.
Aiming: Sandblast (safe; 2% risk of failure)
Press: ? - help, Shift-Dir - straight line, f/p - iguana
Aim: an iguana (almost dead, 84% to hit)
The blast of sand hits the iguana.
You kill the iguana!
There is an escape hatch in the ceiling here.
You start resting.
Magic restored.
You see here an iguana corpse.
Found a chain mail.
z - a +6 ring of intelligence You see here a +0 chain mail.
Duvessa goes berserk!
Casting: Sandblast (safe; 2% risk of failure)
Confirm with . or Enter, or press ? or * to list all spells.
Aiming: Passwall (safe; 8% risk of failure)
Press: ? - help, Dir - move target A rock wall.
Duvessa hits you with a +2 short sword of protection!
You begin to meditate on the wall.
You continue meditating on the rock.
Duvessa hits you with a +2 short sword of protection!
* * * LOW HITPOINT WARNING * * *
You continue meditating on the rock.
You block Duvessa's attack. x2
You continue meditating on the rock.
Duvessa hits you but does no damage.
You finish merging with the rock.
Duvessa rages.
Duvessa attacks as you move away!
Duvessa hits you with a +2 short sword of protection!
* * * LOW HITPOINT WARNING * * *
Duvessa hits you with a +2 short sword of protection!
You die...

#.# #.#
##....#..
#.# #.#
##.....#..
#.# #.#
##......#..
#.# #.#
#.......#..
#.# #.#
#...†..####
#.# #.#
#.####.....
#.# #.# #.#
######
#####.# #e#
#.# #.....#
#@# #.#
#.##### #.#
#.# #.# #.#
#.#########
#.# #.#
#..........
#.# #.#
#..########
#†# #.#
###..# #.#
#)# #....#
#.# #.#
#.##.# ####
#<#
#.####.##.#
#...


You could see Duvessa (berserk).

Vanquished Creatures
  A water moccasin (D:5)
  A black bear (D:4)
  2 phantoms
  2 kobold brigands (D:4)
  A scorpion (D:4)
  Dowan (D:5)
  A hound (D:5)
  A jelly (D:4)
  3 iguanas
  An orc wizard (D:3)
  6 gnolls
  3 adders
  2 worms (D:3)
  9 orcs
  8 endoplasms
  2 giant cockroaches
  14 hobgoblins
  7 jackals
  17 kobolds
  5 quokkas
  8 ball pythons
  7 bats
  5 frilled lizards
  13 goblins
  5 rats
  A butterfly (D:4)
126 creatures vanquished.

Notes
Turn   | Place    | Note
-------+----------+-------------------------------------------
     0 | D:1      | Cheops the Armataur Earth Elementalist began the quest for
                  | the Orb.
     0 | D:1      | Reached XP level 1. HP: 14/14 MP: 3/3
   180 | D:1      | Reached XP level 2. HP: 21/21 MP: 0/4
   647 | D:1      | Reached skill level 3 in Stealth
   732 | D:1      | Reached XP level 3. HP: 27/27 MP: 3/5
  1374 | D:2      | Learned a level 2 spell: Passwall
  1501 | D:2      | Found a bloodstained altar of Trog.
  2088 | D:2      | Reached XP level 4. HP: 35/35 MP: 4/6
  2515 | D:3      | Noticed a phantom
  2521 | D:3      | Killed a phantom
  2522 | D:3      | Reached skill level 4 in Stealth
  2522 | D:3      | Reached XP level 5. HP: 31/40 MP: 0/7
  2721 | D:3      | Reached skill level 5 in Earth Magic
  2730 | D:3      | Learned a level 3 spell: Stone Arrow
  2771 | D:3      | Reached skill level 1 in Transmutations
  3428 | D:4      | Found a staircase to the Ecumenical Temple.
  3535 | D:3      | Reached skill level 1 in Conjurations
  3535 | D:3      | Reached XP level 6. HP: 42/48 MP: 4/8
  3627 | D:4      | Reached skill level 5 in Stealth
  3638 | Temple   | Entered the Ecumenical Temple
  4030 | Temple   | Became a worshipper of Uskayaw the Reveller
  4252 | D:4      | Reached * piety under Uskayaw
  4255 | D:4      | Reached ** piety under Uskayaw
  4352 | D:4      | Found Ymneloita's Jewellery Shop.
  4519 | D:4      | Reached XP level 7. HP: 53/53 MP: 6/9
  4783 | D:4      | Reached *** piety under Uskayaw
  5360 | D:5      | Entered Level 5 of the Dungeon
  5492 | D:5      | Found a hazy altar of Hepliaklqana.
  5508 | D:5      | Reached skill level 6 in Stealth
  5611 | D:5      | Found a broken altar of Ashenzari.
  5699 | D:5      | Noticed Duvessa
  5703 | D:5      | Noticed Dowan
  5769 | D:5      | Killed Dowan
  5992 | D:5      | Slain by Duvessa

Illustrated notes

Levels and vault maps discovered:
D:1:      dpeg_arrival_morbid_curiosity, layout_basic
D:2:      layout_basic, basic_altar
D:3:      layout_rooms, st_stairs_1
D:4:      cheibrodos_thug_alley, layout_layer_cave,
          minmay_temple_entry_butterflies, serial_shops, shop_fountains,
          grunt_ministairs_9
D:5:      layout_loops_ring, nicolae_ashenzari_panopticon,
          mainiacjoe_overflow_cross_hatched, uniq_duvessa
Temple:   mainiacjoe_temple_cubbyholes

Skill      XL: |  1  2  3  4  5  6  7 |
---------------+----------------------+-----
Earth Magic    | 3 4 5 |  5.0
Stealth        | 3 4 5 6 |  6.6
Transmutations | 1 |  1.5
Conjurations   | 1 3 4 |  4.9
Dodging        | |  1.3
Spellcasting   | |  1.7

Action                     |  1- 3 |  4- 6 |  7- 9 || total
---------------------------+-------+-------+-------++-------
  Melee: Unarmed           |    12 |     2 |       ||    14
         Short sword       |       |       |     4 ||     4
   Cast: Sandblast         |    74 |    99 |    48 ||   221
         Stone Arrow       |       |       |     4 ||     4
         Passwall          |       |       |     1 ||     1
    Use: Scroll            |       |       |     1 ||     1
   Stab: Sleeping          |       |       |     1 ||     1
 Armour: Robe              |    22 |    21 |    11 ||    54
  Dodge: Dodged            |    26 |    29 |    15 ||    70
  Block: Other             |       |    18 |    10 ||    28
